[Event "Late-Titled-Tuesday-Blitz-May-14-2024"]
[Site "Chess.com"]
[Date "2024.05.14"]
[Round "6"]
[White "maurovargas01"]
[Black "TheBigBadChessDad"]
[Result "0-1"]
[WhiteElo "1933"]
[BlackElo "2279"]
[TimeControl "180+1"]
[EndTime "15:05:42 PDT"]
[Termination "TheBigBadChessDad won on time"]

1. e4 c6 2. Nc3 d5 3. d3 g6 4. e5 Bg7 5. f4 h5 6. Nf3 Bg4 7. h3 Bxf3 8. Qxf3 e6 9. d4 h4 10. Be3 Ne7 11. Bf2 Nf5 12. O-O-O a6 13. Ne2 Nd7 14. g4 hxg3 15. Nxg3 Nxg3 16. Bxg3 Qa5 17.
Kb1 c5 18. dxc5 Nxc5 19. Bf2 Rc8 20. Bxc5 Qxc5 21. Qb3 b5 22. Bd3 Rh4 23. Rdf1 Bh6 24. f5 gxf5 25. Rfg1 Ke7 26. c3 Bf4 27. Re1 Rch8 28.
Qc2 Rxh3 29. Rxh3 Rxh3 30. Bxf5 exf5 31. Qxf5 Qf2 32. Qf6+ Ke8 33. Rd1 Rh2 34. Qc6+ Kf8 35. Qd6+ Kg8 36. Qd8+ Kh7 0-1

[Event "Late-Titled-Tuesday-Blitz-May-14-2024"]
[Site "Chess.com"]
[Date "2024.05.14"]
[Round "6"]
[White "Rsnr"]
[Black "Orest_Vovk"]
[Result "1-0"]
[WhiteElo "2902"]
[BlackElo "2687"]
[TimeControl "180+1"]
[EndTime "15:05:44 PDT"]
[Termination "Rsnr won on time"]

1. d4 h6 2. c4 g5 3. Nc3 Bg7 4. e4 c5 5. Nge2 cxd4 6. Nxd4 Nc6 7. Be3 d6 8. Be2 Qa5 9. Qd2 Nxd4 10. Bxd4 Bxd4 11.
Qxd4 Nf6 12. O-O Qc5 13. Qd3 Be6 14. b3 h5 15. Nb5 a6 16. Nd4 Qe5 17. Nf3 Qxe4 18.
Nxg5 Qxd3 19. Bxd3 Kd7 20. h4 Ng4 21. Rfe1 Ne5 22.
Bf1 Bf5 23. f4 f6 24. fxe5 fxg5 25. exd6 exd6 26. hxg5 Rag8 27. Rad1 Rxg5 28. c5 Rh6 29. Re5 Kc6 30. cxd6 Rxd6 31. Rc1+ Kb6 32. Rcc5 Rf6 33.
Bd3 Bxd3 34. Rxg5 Be2 35. Rce5 Bg4 36. Re7 Ka7 37. Rgg7 Rb6 38. Kf2 Rf6+ 39. Ke3 Rb6 40. Kd4 Rb4+ 41. Kc3 Rb6 42. a4 a5 43. Re5 Rc6+ 44.
Kb2 Ka6 45. Rgg5 b6 46. Rg7 1-0

[Event "Late-Titled-Tuesday-Blitz-May-14-2024"]
[Site "Chess.com"]
[Date "2024.05.14"]
[Round "6"]
[White "KebabJangles"]
[Black "DishonorOnYourCow"]
[Result "0-1"]
[WhiteElo "2360"]
[BlackElo "2536"]
[TimeControl "180+1"]
[EndTime "15:05:44 PDT"]
[Termination "DishonorOnYourCow won by resignation"]

1. d4 Nf6 2. c4 g6 3. g3 Bg7 4. Bg2 d5 5. cxd5 Nxd5 6. e4 Nb6 7.
Ne2 O-O 8. O-O Nc6 9. d5 Ne5 10. Nbc3 e6 11. f4 Nec4 12. b3 Nd6 13. e5 Nf5 14. Bb2 Ne3 15. Qd2 Nxf1 16. Kxf1 exd5 17. Nxd5 Nxd5 18. Qxd5 Qxd5 19. Bxd5 c6 20. Be4 Be6 21. Nd4 Rfd8 22. Ke2 Bf8 23. Rc1 a5 24. Nxe6 fxe6 25. a4 Bb4 26. Bd3 Kf7 27. Rc2 Rd7 28. Bc4 Rad8 29. Bc1 Rd1 30. Be3 Rh1 31. Kf3 Rb8 32.
Kg2 Rd1 33. Be2 Rb1 34. Bc4 b5 35. axb5 cxb5 36. Be2 Rxb3 37. Rc7+ Kg8 38. Kf2 Be1+ 39. Kxe1 Rxe3 40. Kf2 Ra3 41. Bg4 Re8 42. Rb7 b4 43.
Rb6 Kf7 44. Rb7+ Re7 45. Rb8 b3 46. h4 a4 47. h5 Ra2+ 48. Kf3 b2 49. hxg6+ hxg6 50. Ke4 a3 51. Be2 Ra1 52. Bd3 Rd7 53. Bc2 Rc1 0-1

[Event "Late-Titled-Tuesday-Blitz-May-14-2024"]
[Site "Chess.com"]
[Date "2024.05.14"]
[Round "6"]
[White "emiliocordova"]
[Black "Ali_rastbod"]
[Result "1-0"]
[WhiteElo "2907"]
[BlackElo "2717"]
[TimeControl "180+1"]
[EndTime "15:05:47 PDT"]
[Termination "emiliocordova won by resignation"]

1. d4 Nf6 2. Bg5 d5 3. e3 c5 4. Bxf6 gxf6 5. dxc5 e6 6. c4 dxc4 7. Nd2 Bxc5 8. Bxc4 O-O 9. Qh5 Bb4 10. Nf3 Qa5 11.
Qg4+ Kh8 12. Qh4 Nd7 13. a3 Bxd2+ 14. Nxd2 Qg5 15. Qxg5 fxg5 16. Ne4 h6 17. Be2 Nb6 18. h4 g4 19. Nf6 Bd7 20. Nxd7 Nxd7 21. Bxg4 Rac8 22.
Rd1 Ne5 23. Be2 Rc2 24. f4 Ng6 25. Rd2 Rfc8 26. Bd1 Rc1 27. g3 Ne7 28. Kf2 Nd5 29.
Re1 Nf6 30. Bf3 b6 31. Rxc1 Rxc1 32. e4 Kg7 33. e5 Ng8 34. Rd7 Rc2+ 35. Kf1 Rxb2 36.
Bh5 Rb1+ 37. Kg2 Rb2+ 38. Kh3 Rb3 39. Rxf7+ Kh8 40. Bg6 1-0

[Event "Late-Titled-Tuesday-Blitz-May-14-2024"]
[Site "Chess.com"]
[Date "2024.05.14"]
[Round "6"]
[White "Hirna2005"]
[Black "BabageldiAnnaberdiyev"]
[Result "0-1"]
[WhiteElo "2308"]
[BlackElo "2555"]
[TimeControl "180+1"]
[EndTime "15:05:48 PDT"]
[Termination "BabageldiAnnaberdiyev won by resignation"]

1. e4 e6 2. d4 d5 3. e5 c5 4. c3 Nc6 5. Be3 Qb6 6. Qd2 cxd4 7. cxd4 Nge7 8. Nc3 Nf5 9. Nf3 Bd7 10. Rc1 Nxe3 11. fxe3 Be7 12. Bd3 O-O 13. O-O f5 14. exf6 Bxf6 15. a3 Rae8 16. Qc2 h6 17. Na4 Qd8 18. Nc5 Bc8 19. Bg6 Re7 20. Rf2 e5 21. dxe5 Nxe5 22. Nxe5 Rxe5 23. Rcf1 Rxe3 24. Bh7+ Kh8 25. Bf5 b6 26.
Nd3 Ba6 27. Nf4 Bxf1 28. Ng6+ Kg8 29. Nxf8 Qxf8 30. Rxf1 Qc5 31. Qxc5 bxc5 32. h3 Bxb2 33. Rd1 Bd4 34. Kh2 Kf7 35. Bg4 Ke7 36. Rb1 Rxa3 37. Rb7+ Kd6 38. Bf3 Be5+ 39. Kg1 c4 40. Kf1 c3 41.
Ke2 c2 42. Kd2 Rc3 43. Rb2 c1=Q+ 0-1

[Event "Late-Titled-Tuesday-Blitz-May-14-2024"]
[Site "Chess.com"]
[Date "2024.05.14"]
[Round "6"]
[White "Kozok"]
[Black "WALDOCHESS"]
[Result "0-1"]
[WhiteElo "2307"]
[BlackElo "2027"]
[TimeControl "180+1"]
[EndTime "15:05:48 PDT"]
[Termination "WALDOCHESS won by resignation"]

1. e4 c5 2. Nf3 d6 3. d4 cxd4 4. Qxd4 Bd7 5. Be3 Nc6 6. Qd2 Nf6 7. Nc3 g6 8. Bd3 h5 9. O-O-O Bg7 10. Ng5 O-O 11. h3 Qa5 12. g4 Rac8 13. Kb1 Nb4 14. a3 Nxd3 15. cxd3 b5 16. gxh5 Nxh5 17. Nd5 Qd8 18. f4 e6 19. Nc3 a5 20. Ne2 b4 21.
Bd4 e5 22. Be3 bxa3 23. bxa3 Rb8+ 24. Ka2 f6 25. Nf3 Be6+ 26. Ka1 f5 27. fxe5 dxe5 28. d4 fxe4 29. Nxe5 Rb3 30. Qc1 Qe7 31. Nc6 Rxa3+ 32.
Kb2 Ra2+ 33. Kb1 Qb7+ 0-1

[Event "Late-Titled-Tuesday-Blitz-May-14-2024"]
[Site "Chess.com"]
[Date "2024.05.14"]
[Round "6"]
[White "maximnovik"]
[Black "Agibileg"]
[Result "0-1"]
[WhiteElo "2589"]
[BlackElo "2877"]
[TimeControl "180+1"]
[EndTime "15:05:49 PDT"]
[Termination "Agibileg won by resignation"]

1. e4 c5 2. Nf3 e6 3. c3 Nf6 4. e5 Nd5 5. d4 cxd4 6. cxd4 d6 7. a3 Be7 8. Bd3 O-O 9. O-O Nd7 10. Re1 dxe5 11. dxe5 Nc5 12. Bc2 a5 13. Bd2 b6 14.
Nc3 Bb7 15. Nxd5 Qxd5 16. Qe2 Rfd8 17. Rad1 Ba6 18. Qe3 Nd3 19. Bc3 Bc5 20. Bxd3 Bxe3 21. Bxh7+ Kxh7 22. Rxd5 Bxf2+ 23. Kxf2 Rxd5 24. g4 Bb7 25. Re3 Rad8 26. h4 Rd3 27. Ng5+ Kg8 28. Nh3 Rxe3 29. Kxe3 Kf8 30. Nf4 Ke7 31. h5 Rd1 32. Bd4 b5 33. g5 Rh1 34. Bc5+ Kd7 35. Bf8 g6 36. h6 Rh2 37. Bg7 b4 38. axb4 axb4 39.
b3 Bd5 40. Nxd5 exd5 41. Kd4 Ke6 42. Bf6 Rh3 43. Kc5 Rxb3 44. h7 Rh3 0-1

[Event "Late-Titled-Tuesday-Blitz-May-14-2024"]
[Site "Chess.com"]
[Date "2024.05.14"]
[Round "6"]
[White "MarceloPlaya"]
[Black "sillypiggy2024"]
[Result "1-0"]
[WhiteElo "2324"]
[BlackElo "1724"]
[TimeControl "180+1"]
[EndTime "15:05:50 PDT"]
[Termination "MarceloPlaya won on time"]

1. e4 c6 2. d4 d5 3. e5 c5 4.
dxc5 e6 5. Be3 Nd7 6. Bb5 Qc7 7.
Nf3 Bxc5 8. Bxc5 Qxc5 9. Nc3 Ne7 10. O-O O-O 11. Bd3 h6 12. Qe2 Nb6 13. Nh4 Nc4 14. Bxc4 dxc4 15. Kh1 Bd7 16. f4 Rac8 17. Ne4 Qb6 18. c3 Nd5 19. Nd6 Rcd8 20. Nxc4 Qc5 21. Nd6 Bc6 22. Qf2 Qxf2 23. Rxf2 Ne7 24. Rd1 Nc8 25.
Rfd2 Nxd6 26. Rxd6 Rxd6 27. Rxd6 Rc8 28. Kg1 Kf8 29.
Kf2 Ke7 30. f5 Rd8 31. Rxd8 Kxd8 32. fxe6 fxe6 33. Ke3 Ke7 34. g3 1-0

[Event "Late-Titled-Tuesday-Blitz-May-14-2024"]
[Site "Chess.com"]
[Date "2024.05.14"]
[Round "6"]
[White "tamarozi99"]
[Black "FMOlexandrProhorov"]
[Result "0-1"]
[WhiteElo "2124"]
[BlackElo "2305"]
[TimeControl "180+1"]
[EndTime "15:05:51 PDT"]
[Termination "FMOlexandrProhorov won by resignation"]

1. e4 c5 2. Nf3 e6 3. d4 cxd4 4.
Nxd4 Qb6 5. Nb3 Nf6 6. Nc3 Bb4 7.
Bd3 d5 8. exd5 Nxd5 9. O-O Nxc3 10. bxc3 Be7 11. Qh5 Nd7 12. Be3 Qc7 13. a4 Nf6 14.
Bb5+ Bd7 15. Bxd7+ Nxd7 16. Bd4 O-O 17. Rfe1 Bf6 18.
Rac1 Bxd4 19. cxd4 Nf6 20. Qe5 Qxe5 21. Rxe5 Rac8 22.
Rb5 Rc7 23. Nc5 b6 24. Na6 Rc4 25. Rb4 Rc3 26. Rb3 Rfc8 27. Rxc3 Rxc3 28. Nb4 Ne4 29. f3 Nd6 30. Rd1 Kf8 31. d5 e5 32. Rd2 a5 33.
Nc6 f6 34. Kf2 Kf7 35. Nd8+ Ke7 36. Nc6+ Kd7 37. Ke2 Nc4 38. f4 Nxd2 39. Kxd2 Rxc6 40. dxc6+ Kxc6 41. fxe5 fxe5 42. Ke3 Kd5 43. Kd3 g6 44. g3 h6 45. h3 e4+ 46. Ke3 Kc4 47. Kxe4 Kb4 48.
Kd5 Kxa4 49. Kc4 b5+ 50. Kc3 b4+ 51. Kb2 Kb5 52. Kb3 a4+ 53. Kb2 Kc4 54. Ka2 Kd4 55.
Kb1 Ke3 0-1

[Event "Late-Titled-Tuesday-Blitz-May-14-2024"]
[Site "Chess.com"]
[Date "2024.05.14"]
[Round "6"]
[White "Pitomina"]
[Black "chess_sharparchitect"]
[Result "1-0"]
[WhiteElo "2535"]
[BlackElo "2356"]
[TimeControl "180+1"]
[EndTime "15:05:53 PDT"]
[Termination "Pitomina won on time"]

1. d4 Nf6 2. c4 e6 3. Nf3 d5 4. Nc3 c6 5. Bg5 Nbd7 6. e3 Qa5 7. Nd2 Bb4 8. Qc2 O-O 9. Be2 c5 10. O-O cxd4 11. exd4 dxc4 12. Bxf6 Nxf6 13. Nxc4 Qc7 14. a3 Bxc3 15. bxc3 b5 16. Ne5 a6 17. Rfc1 Bb7 18. a4 Be4 19. Qb2 bxa4 20. Rxa4 Rfb8 21. Qa3 a5 22. Ra1 h6 23. f3 Bd5 24. Rxa5 Rxa5 25. Qxa5 Rb1+ 26. Kf2 Qb7 27. Qd8+ Kh7 28. Bd3+ Ne4+ 29.
fxe4 Qb2+ 30. Kg3 Rxa1 31. exd5+ f5 32. dxe6 1-0

[Event "Late-Titled-Tuesday-Blitz-May-14-2024"]
[Site "Chess.com"]
[Date "2024.05.14"]
[Round "6"]
[White "NovakCabarkapa"]
[Black "frederiksvane"]
[Result "0-1"]
[WhiteElo "2767"]
[BlackElo "2955"]
[TimeControl "180+1"]
[EndTime "15:05:56 PDT"]
[Termination "frederiksvane won by checkmate"]

1. d4 Nf6 2. Nc3 d5 3. Bf4 a6 4. e3 b5 5. h4 Bg4 6. f3 Bd7 7. g4 e6 8. g5 Nh5 9. Bh2 h6 10.
g6 Qxh4+ 11. Kd2 Ng3 12. gxf7+ Kxf7 13. Bxg3 Qxg3 14. f4 c5 15. Nf3 cxd4 16. Nxd4 Nc6 17. Nxc6 Bxc6 18. Bd3 Bc5 19. Qh5+ g6 20. Qe2 d4 21.
Rhg1 dxc3+ 22. Kxc3 Qxe3 23. Qg4 Bd4+ 24. Kb3 Bd5+ 25.
Kb4 Qd2+ 26. c3 Qxb2+ 27. Ka5 Qa3# 0-1

[Event "Late-Titled-Tuesday-Blitz-May-14-2024"]
[Site "Chess.com"]
[Date "2024.05.14"]
[Round "6"]
[White "lluiss"]
[Black "Slovineanu"]
[Result "1-0"]
[WhiteElo "2238"]
[BlackElo "2461"]
[TimeControl "180+1"]
[EndTime "15:05:56 PDT"]
[Termination "lluiss won by resignation"]

1. Nf3 Nf6 2. d4 e6 3. g3 d5 4. Bg2 b5 5. O-O Nbd7 6. b3 c5 7. c4 bxc4 8. bxc4 Bb7 9. cxd5 Nxd5 10. Bb2 Be7 11. Nc3 O-O 12. Nxd5 Bxd5 13. dxc5 Rb8 14.
Be5 Nxe5 15. Nxe5 Bxg2 16. Kxg2 Qxd1 17. Rfxd1 Bxc5 18. Nd7 Bb6 19. Nxf8 Kxf8 20. Rac1 g6 21. Rc2 Kg7 22. e3 h5 23. h4 Kf6 24. Rd7 Kg7 25. Rc6 Kf6 26. Rd2 Re8 27. a4 Re7 28. Ra2 Rd7 29. a5 Bd8 30. a6 Ke7 31. Rc8 Bb6 32.
Rb8 Rd6 33. Rb7+ Kf6 34. Rc2 Rd3 35. Rc8 Ra3 36. Rf8 Rxa6 37. Rbxf7+ Ke5 38. Rf6 Ra2 39. Kf3 a5 40. Rxg6 a4 41. Re8 Kd5 42. Rexe6 Bc5 43. Ra6 a3 44. Rg5+ Kc4 45. Rc6 1-0

[Event "Late-Titled-Tuesday-Blitz-May-14-2024"]
[Site "Chess.com"]
[Date "2024.05.14"]
[Round "6"]
[White "MalcolmPein"]
[Black "protectiago"]
[Result "0-1"]
[WhiteElo "2306"]
[BlackElo "2089"]
[TimeControl "180+1"]
[EndTime "15:05:56 PDT"]
[Termination "protectiago won by checkmate"]

1. e4 e5 2. Nf3 Nc6 3. Bb5 a6 4. Ba4 Nf6 5. O-O Nxe4 6. d4 b5 7. Bb3 d5 8. dxe5 Be6 9. c3 Bc5 10. Nbd2 O-O 11. a4 Rb8 12. axb5 axb5 13. Qe2 Bf5 14.
Ra6 Bb6 15. Nxe4 dxe4 16. Ng5 Nxe5 17. Nxe4 Qd3 18. Qxd3 Nxd3 19. Ng3 Bg6 20. Bd5 Rbd8 21. Bf3 Nxc1 22. Rxc1 Rd2 23. Be2 h5 24. h4 Rxb2 25. Kf1 Rd8 26. Rxb6 cxb6 27. Bxh5 Bxh5 28. Nxh5 Rdd2 29.
Ra1 Rxf2+ 30. Ke1 Rxg2 31. Nf4 Rg1# 0-1

[Event "Late-Titled-Tuesday-Blitz-May-14-2024"]
[Site "Chess.com"]
[Date "2024.05.14"]
[Round "6"]
[White "MarkusRagger"]
[Black "ImportedItalianMaple"]
[Result "1-0"]
[WhiteElo "2816"]
[BlackElo "2568"]
[TimeControl "180+1"]
[EndTime "15:05:58 PDT"]
[Termination "MarkusRagger won on time"]

1. d4 g6 2. e4 Bg7 3. Nf3 d6 4. Be3 Nc6 5. Nc3 e5 6. Bb5 Bd7 7. d5 Nce7 8. Bxd7+ Qxd7 9. Nd2 f5 10. f3 Nf6 11. O-O f4 12. Bf2 g5 13. a4 h5 14. Qe2 g4 15. Qb5 c6 16. dxc6 bxc6 17. Qc4 h4 18. fxg4 h3 19. g3 Nxg4 20. gxf4 Ne3 21.
Bxe3 Qg4+ 22. Kf2 exf4 23. Bd4 d5 24. exd5 cxd5 25. Qb5+ Kf7 26. Bxg7 Qxg7 27. Ne2 Rae8 28. Rg1 Qe5 29. Qd3 Nf5 30. Nf3 Qe4 31. Ng5+ 1-0

[Event "Late-Titled-Tuesday-Blitz-May-14-2024"]
[Site "Chess.com"]
[Date "2024.05.14"]
[Round "6"]
[White "mostafa_sakha"]
[Black "CarlosjPineror"]
[Result "1/2-1/2"]
[WhiteElo "2392"]
[BlackElo "2737"]
[TimeControl "180+1"]
[EndTime "15:05:59 PDT"]
[Termination "Game drawn - insufficient material"]

1. d4 Nf6 2. c4 d6 3. Nc3 e5 4. dxe5 dxe5 5. Qxd8+ Kxd8 6. Nf3 Nbd7 7. Rg1 h6 8. g4 c6 9. h4 Bb4 10. Bd2 Kc7 11.
g5 hxg5 12. hxg5 Ne8 13. a3 Be7 14. Ne4 a5 15. Bc3 f6 16. gxf6 gxf6 17. O-O-O Nd6 18. Nxd6 Bxd6 19. Rg7 b5 20. cxb5 cxb5 21. Bg2 b4 22. Be1 Rb8 23. axb4 axb4 24. Nd2 Bf8 25. Rf7 Rg8 26.
Bh3 Rg7 27. Rxg7 Bxg7 28. Ne4 Bf8 29. Bxd7 Bxd7 30. Nxf6 Be6 31. Nd5+ Kc6 32. e4 Bc5 33. Kc2 b3+ 34. Kc3 Bd4+ 35. Kc4 Bxb2 36. Rb1 Bd4 37.
Rxb3 Rxb3 38. Kxb3 Bxd5+ 39. exd5+ Kxd5 40. f3 Ke6 41. Kc2 Kf5 42. Kd3 Kf4 43. Ke2 Kf5 44. Bd2 Bc5 45.
Be3 Be7 46. Kd3 Bh4 47. Bd2 Bg3 48. Be3 Bf4 49. Bxf4 Kxf4 50. Ke2 e4 51. fxe4 Kxe4 1/2-1/2

[Event "Late-Titled-Tuesday-Blitz-May-14-2024"]
[Site "Chess.com"]
[Date "2024.05.14"]
[Round "6"]
[White "Ditman2007"]
[Black "marik_spb"]
[Result "1-0"]
[WhiteElo "2702"]
[BlackElo "2513"]
[TimeControl "180+1"]
[EndTime "15:05:59 PDT"]
[Termination "Ditman2007 won on time"]

1. e4 e5 2. Nf3 Nc6 3. Nc3 Nf6 4. a4 Be7 5. Bd3 O-O 6. O-O d6 7. h3 h6 8. Nd5 Nxd5 9. exd5 f5 10. dxc6 e4 11. Bc4+ d5 12. Ne5 dxc4 13. Qe2 Qd5 14. Qxc4 Qxc4 15. Nxc4 bxc6 16. b3 Be6 17. Na5 c5 18.
Bb2 Rad8 19. Nc6 Rd7 20. Nxe7+ Rxe7 21. Ba3 Rd7 22. Bxc5 Rfd8 23. Bxa7 Rxd2 24. c4 Rb2 25. Rfb1 Rc2 26. a5 f4 27. a6 Rdd2 28. Bc5 Bc8 29. a7 Bb7 30. a8=Q+ Bxa8 31. Rxa8+ Kh7 32. Rf8 e3 33. Rxf4 e2 34. Re1 Rd1 35. Bb4 Rxe1+ 36. Bxe1 Rc1 37. Re4 Rxe1+ 38. Kh2 Kg6 39. b4 Rb1 40. Rxe2 Rxb4 41. Re4 Kf5 42. f3 g5 43.
g4+ 1-0

[Event "Late-Titled-Tuesday-Blitz-May-14-2024"]
[Site "Chess.com"]
[Date "2024.05.14"]
[Round "6"]
[White "cristianserban1"]
[Black "Flawless_Fighter"]
[Result "0-1"]
[WhiteElo "2499"]
[BlackElo "2677"]
[TimeControl "180+1"]
[EndTime "15:05:59 PDT"]
[Termination "Flawless_Fighter won on time"]

1. Nf3 d5 2. e3 Nf6 3. b3 e6 4. Bb2 Be7 5. c4 O-O 6. Nc3 c5 7. cxd5 exd5 8. d4 Nc6 9. Be2 b6 10. O-O Be6 11. dxc5 bxc5 12. Rc1 h6 13. Na4 Nd7 14. Ba3 Nb4 15. Qd2 a5 16. Rfd1 Rc8 17.
h3 Nf6 18. Nc3 Qd6 19. Bb2 Rfd8 20. a3 Nc6 21. Na4 Ne4 22. Qe1 Qb8 23. Rd3 c4 24.
bxc4 dxc4 25. Rxd8+ Rxd8 26. Bxc4 Bd7 27. Ba1 Bxa3 28.
Rb1 Bb4 29. Qc1 Re8 30. Nd4 Ne5 31. Bd5 Nd2 32. Rxb4 Qxb4 33. Bc3 Qxa4 34. Qxd2 Nc4 35. Bxc4 Qxc4 36. Bxa5 Bc6 37. Nf5 Qe4 38. f3 Qxf5 0-1

[Event "Late-Titled-Tuesday-Blitz-May-14-2024"]
[Site "Chess.com"]
[Date "2024.05.14"]
[Round "6"]
[White "DrVelja"]
[Black "Mischuk_D"]
[Result "1-0"]
[WhiteElo "2909"]
[BlackElo "2708"]
[TimeControl "180+1"]
[EndTime "15:06:00 PDT"]
[Termination "DrVelja won by checkmate"]

1. e4 e6 2. d4 d5 3. Nc3 Bb4 4.
e5 c5 5. a3 Bxc3+ 6. bxc3 Nc6 7. Qg4 g6 8. a4 Qa5 9. Bd2 c4 10. h4 h6 11. Nf3 Bd7 12. Qf4 Nge7 13. g3 O-O-O 14. Bg2 Rdf8 15. Nh2 h5 16. Nf3 Nf5 17. O-O a6 18. Qg5 Kb8 19. Rfb1 Ka7 20. Bh3 Qc7 21.
a5 Nxa5 22. Bc1 Nc6 23. Ba3 Rc8 24. Bc5+ Ka8 25. Rb6 Qd8 26. Qc1 Nb8 27. Qb2 Bc6 28. Bxf5 exf5 29. Bd6 f4 30. Bxb8 Kxb8 31. Raxa6 Qd7 32.
Qa3 fxg3 33. fxg3 Qg4 34. Ra8+ Kc7 35. Rxc6+ bxc6 36. Qe7+ Kb6 37. Qa7+ Kb5 38. Qc5# 1-0

[Event "Late-Titled-Tuesday-Blitz-May-14-2024"]
[Site "Chess.com"]
[Date "2024.05.14"]
[Round "6"]
[White "Adar_07"]
[Black "EsmeraldasAnderson03"]
[Result "0-1"]
[WhiteElo "2701"]
[BlackElo "2544"]
[TimeControl "180+1"]
[EndTime "15:06:00 PDT"]
[Termination "EsmeraldasAnderson03 won by checkmate"]

1. Nf3 d5 2. g3 c5 3. Bg2 Nf6 4. O-O h6 5. a3 e6 6. d4 cxd4 7. Nxd4 e5 8. Nb3 Nc6 9. N1d2 Be6 10. e3 Be7 11. Qe2 O-O 12. Rd1 Qc7 13. f4 Bg4 14.
Bf3 Bxf3 15. Nxf3 e4 16. Nfd4 Nxd4 17. Nxd4 Rac8 18. b3 Bc5 19. Ra2 Qb6 20. Bb2 a6 21. b4 Be7 22. Nf5 Rfe8 23. Nxe7+ Rxe7 24. Bxf6 Qxf6 25. Rxd5 Rec7 26. Rd4 Qe6 27. Rb2 b5 28. Qd2 Kh7 29.
Kg2 f5 30. Qf2 Rc3 31. Qd2 Rxa3 32. Rd5 Rac3 33. Re5 Qc4 34. Qd7 Qe2+ 35. Kh3 Qg4+ 36. Kg2 Rxc2+ 37. Rxc2 Rxc2+ 38. Kg1 Rc1+ 39. Kg2 Qf3+ 40.
Kh3 Qh5+ 41. Kg2 Rc2+ 42. Kf1 Qf3+ 43. Ke1 Qe2# 0-1

[Event "Late-Titled-Tuesday-Blitz-May-14-2024"]
[Site "Chess.com"]
[Date "2024.05.14"]
[Round "6"]
[White "ClayK1ng"]
[Black "Statham_01"]
[Result "0-1"]
[WhiteElo "2411"]
[BlackElo "2627"]
[TimeControl "180+1"]
[EndTime "15:06:01 PDT"]
[Termination "Statham_01 won by resignation"]

1. e4 e5 2. Nf3 Nc6 3. Bb5 a6 4.
Ba4 Nf6 5. d4 exd4 6. O-O Be7 7.
e5 Ne4 8. Nxd4 Nc5 9. Bxc6 dxc6 10. c3 O-O 11. Qf3 f6 12. exf6 Rxf6 13. Qe2 Ne6 14.
Nxe6 Rxe6 15. Qc4 Qd5 16. Qxd5 cxd5 17. Be3 b6 18. Rd1 Bb7 19. Nd2 c5 20. Nf3 Rd8 21. Rd2 h6 22. Rad1 Kh7 23. h3 Bf6 24. a4 a5 25. b4 Bxc3 26. bxc5 Bxd2 27. Rxd2 Rxe3 28. fxe3 bxc5 29. Rb2 Bc6 30. Rb6 Bxa4 31. Ra6 Bd1 32. Rxa5 Bxf3 33. gxf3 Rc8 34. Kf2 Kg6 35. Ra7 c4 36.
Ke2 c3 37. Kd1 c2+ 38. Kc1 Rc3 39. e4 d4 40. Rd7 Rxf3 41. Rxd4 Rxh3 42. Kxc2 Kf6 43.
Kd2 Ke5 44. Rd7 g5 45. Re7+ Kf4 46. Ke2 Re3+ 47. Kf2 Rxe4 48. Rh7 Re6 0-1

[Event "Late-Titled-Tuesday-Blitz-May-14-2024"]
[Site "Chess.com"]
[Date "2024.05.14"]
[Round "6"]
[White "lachesisQ"]
[Black "Alexander_Donchenko"]
[Result "0-1"]
[WhiteElo "3094"]
[BlackElo "2865"]
[TimeControl "180+1"]
[EndTime "15:06:03 PDT"]
[Termination "Alexander_Donchenko won by resignation"]

1. e4 c6 2. d4 d5 3. e5 Bf5 4. h4 h5 5. Bd3 Bxd3 6. Qxd3 Qa5+ 7. b4 Qa6 8. e6 Qxd3 9. cxd3 f6 10. Bf4 Nh6 11. Nf3 Na6 12. a3 Nf5 13. Nc3 g6 14.
O-O Bh6 15. Bh2 Rc8 16. b5 Nc7 17. bxc6 bxc6 18. Rfe1 Ng7 19. Bxc7 Rxc7 20. Rab1 O-O 21. Na4 Nf5 22. Nc5 Ra8 23. Na6 Rcc8 24. Rb7 Kf8 25. g3 Nd6 26. Rd7 Rd8 27. Nc5 Ke8 28. Rb1 Rxd7 29. exd7+ Kd8 30. a4 a5 31. Ne5 fxe5 32. dxe5 Bd2 33. e6 Bb4 34. Nb3 Nf5 35. Rc1 Ra6 36. Rb1 Ng7 37. Nc5 Rb6 38. Rc1 Bxc5 39. Rxc5 Ra6 0-1

[Event "Late-Titled-Tuesday-Blitz-May-14-2024"]
[Site "Chess.com"]
[Date "2024.05.14"]
[Round "6"]
[White "Hamisandwich"]
[Black "TigrVShlyape"]
[Result "0-1"]
[WhiteElo "2746"]
[BlackElo "2953"]
[TimeControl "180+1"]
[EndTime "15:06:05 PDT"]
[Termination "TigrVShlyape won by resignation"]

1. b3 d5 2. Nf3 Bf5 3. Ba3 Nf6 4.
c4 c6 5. g3 Nbd7 6. Bg2 e6 7. Bxf8 Nxf8 8. O-O N8d7 9. Nc3 O-O 10. cxd5 exd5 11. d3 Re8 12. b4 a5 13. b5 c5 14. Nh4 Be6 15. e4 dxe4 16. dxe4 Ne5 17. Qxd8 Raxd8 18. Rfd1 g5 19. Nf5 b6 20. Nd6 Rf8 21. f4 gxf4 22. gxf4 Nc4 23. Nxc4 Bxc4 24. e5 Ng4 25. Rd6 Rxd6 26. exd6 Rd8 27. Rd1 Ne3 28.
Rd2 Be6 29. Ne4 Kf8 30. Kf2 Nc4 31. Rd1 Bf5 32. Ng3 Rxd6 33. Rxd6 Nxd6 34. Bf1 Bd7 35. a4 Be6 36. Ke3 Bb3 37. Ne4 Nxe4 38. Kxe4 Ke7 39.
Ke5 f6+ 40. Ke4 0-1

[Event "Late-Titled-Tuesday-Blitz-May-14-2024"]
[Site "Chess.com"]
[Date "2024.05.14"]
[Round "6"]
[White "MuhittinBuker"]
[Black "emeli_chess"]
[Result "1-0"]
[WhiteElo "2239"]
[BlackElo "2407"]
[TimeControl "180+1"]
[EndTime "15:06:08 PDT"]
[Termination "MuhittinBuker won by resignation"]

1. d4 Nf6 2. c4 e6 3. Nc3 Bb4 4.
e3 b6 5. Nf3 Bb7 6. Bd3 Bxc3+ 7. bxc3 Be4 8. O-O O-O 9. Be2 d5 10. Nd2 Bg6 11. Ba3 Re8 12. c5 bxc5 13. Bxc5 Nbd7 14. Ba3 c5 15. Nf3 c4 16. Ne5 Nxe5 17.
dxe5 Ne4 18. Qc1 Qc7 19. f3 Nc5 20. f4 Bd3 21. Bxc5 Bxe2 22. Bd6 Qc6 23. Rf2 Bd3 24. Rb2 Red8 25. a4 Rd7 26. a5 Rb7 27. Raa2 Rd8 28. Rxb7 Qxb7 29. Rb2 Qa6 30. Qa1 h6 31. h3 Rd7 32. Rb8+ Kh7 33. Qa4 Rb7 34. Rf8 Qb5 35. Qxb5 Rxb5 36. Bb4 Rb7 37. g4 g5 38. Kf2 gxf4 39. a6 fxe3+ 40. Kxe3 Rc7 41. Kd4 Kg6 42. Rg8+ Kh7 43. Rb8 Rc6 44. Rb7 Rxa6 45. Rxf7+ Kg6 46. Rf6+ Kg5 47. Bf8 h5 48. Be7 Ra2 49.
Rf2+ 1-0

[Event "Late-Titled-Tuesday-Blitz-May-14-2024"]
[Site "Chess.com"]
[Date "2024.05.14"]
[Round "6"]
[White "HanSchut"]
[Black "djano"]
[Result "0-1"]
[WhiteElo "2370"]
[BlackElo "2539"]
[TimeControl "180+1"]
[EndTime "15:06:09 PDT"]
[Termination "djano won by resignation"]

1. e4 d5 2. exd5 Qxd5 3. Nc3 Qd8 4. d4 g6 5. Bf4 Bg7 6. d5 Nf6 7. Bb5+ Bd7 8. Nge2 c6 9. dxc6 Nxc6 10. Nd4 Qb6 11. Be3 Qc7 12. Bxc6 Bxc6 13. O-O Rd8 14. Ndb5 Qe5 15.
Qe2 a6 16. f4 Qb8 17. Nd4 Bd7 18. f5 O-O 19. fxg6 hxg6 20. h3 b5 21. a3 Qb7 22.
Rad1 Ne4 23. Nxe4 Qxe4 24. Qf2 a5 25. c3 Bc8 26. Rde1 Qd5 27. Qe2 Bb7 28. Rf2 b4 29.
axb4 axb4 30. c4 Qe4 31. Nb5 e6 32. b3 Rd3 33. Bc5 Qxe2 34. Rfxe2 Rc8 35. Bxb4 Rxb3 36.
Be7 Rxc4 37. Nd6 Rc7 38. Bd8 Rd7 39. Nxb7 Rbxb7 40. Bh4 Bc3 41. Rf1 Bd4+ 42. Bf2 Bg7 43. Be3 f5 44. Ref2 e5 45. Bg5 e4 46. h4 Bd4 47.
Kh2 Bxf2 48. Rxf2 Rd3 49. g3 e3 50. Re2 Rd2 51. Rxd2 exd2 52. Bxd2 Rb2 0-1

[Event "Late-Titled-Tuesday-Blitz-May-14-2024"]
[Site "Chess.com"]
[Date "2024.05.14"]
[Round "6"]
[White "Sanyura"]
[Black "A4RookA3"]
[Result "0-1"]
[WhiteElo "2639"]
[BlackElo "2433"]
[TimeControl "180+1"]
[EndTime "15:06:10 PDT"]
[Termination "A4RookA3 won by resignation"]

1. e4 c6 2. d4 d5 3. Nc3 dxe4 4. Nxe4 Nf6 5. Nxf6+ exf6 6. c3 Bd6 7. Bd3 O-O 8. Ne2 Re8 9. Qc2 h5 10. O-O h4 11. h3 Nd7 12. Be3 Nf8 13. Qd2 Ng6 14. Nf4 Nxf4 15. Bxf4 Be6 16. Rfe1 Qc7 17. Bxd6 Qxd6 18.
Qe2 g6 19. b4 Kg7 20. Qd2 f5 21. Re5 Bd7 22. Rae1 Rxe5 23. dxe5 Qe7 24. Bc4 Rd8 25. Qe3 b6 26. a4 Be6 27. Bf1 c5 28. a5 cxb4 29. axb6 axb6 30. cxb4 Qxb4 31. Rc1 Qd2 32. Qa3 Qd4 33. Qe7 Rd5 34. Qf6+ Kh7 35. Qxh4+ Qxh4 36. Bc4 Qd4 37. Bxd5 Bxd5 38. Re1 Be6 39. Re3 Qd5 40. h4 b5 41. h5 b4 42. hxg6+ fxg6 43. Rh3+ Kg7 44.
Rh4 b3 45. Rb4 Qd1+ 46. Kh2 Qd2 47. Rb7+ Kh6 48. Kg3 b2 49. f4 b1=Q 50. Rxb1 Qd3+ 51. Kh4 Qxb1 52. Kg3 Qd3+ 53. Kh4 Qe4 54. Kg3 Qe3+ 0-1